 Dungeon Crawl Stone Soup version 0.28.0-1-gb440e238dd (webtiles) character file.

Game seed: 15232922993463049306

10192 dolemite99 the Destroyer (level 11, -4/74 HPs)
             Began as a Demonspawn Fire Elementalist on Feb 21, 2022.
             Was the Champion of Jiyva.
             Succumbed to a cane toad's poison
             ... on level 2 of the Lair of Beasts.
             The game lasted 00:18:12 (12728 turns).

dolemite99 the Destroyer (DsFE)                    Turns: 12728, Time: 00:18:13

Health: -4/74      AC:  7    Str:  8    XL:     11   Next: 32%
Magic:  14/17      EV: 16    Int: 25    God:    Jiyva [******]
Gold:   47         SH:  0    Dex: 14    Spells: 8/18 levels left

rFire   . . .      SeeInvis +   b - +2 shortbow (flame)
rCold   + . .      Faith    .   (shield currently unavailable)
rNeg    . . .      Spirit   .   m - +0 robe {rC+}
rPois   .          Reflect  .   (no helmet)
rElec   .          Harm     .   (no cloak)
rCorr   +          Rampage  .   (gloves unavailable)
Will    .....                   (no boots)
Stlth   ++........              (no amulet)
HPRegen 1.82/turn               q - ring of see invisible
MPRegen 0.65/turn               (no ring)

@: lethally poisoned (-4 -> -33)
A: slimy green scales 1, demonic touch 3, talons 1, clever 2, shaggy fur 1,
gelatinous body 3, pseudopods 3
a: Renounce Religion, Oozemancy, Slimify


You were on level 2 of the Lair of Beasts.
You worshipped Jiyva.
Jiyva was exalted by your worship.
You visited 2 branches of the dungeon, and saw 11 of its levels.
You also visited: Sewer.

You collected 280 gold pieces.
You spent 233 gold pieces at shops.

Inventory:

Hand Weapons
 a - a +3 hand axe
 b - a +2 shortbow of flaming (weapon)
 f - a +0 shortbow
 i - a +0 dagger
Missiles
 e - 106 stones
 l - 46 sling bullets
 o - 83 arrows (quivered ammo)
Armour
 m - a +0 robe of cold resistance (worn)
 n - a +1 ring mail of fire resistance
Jewellery
 q - a ring of see invisible (left hand)
Wands
 g - a wand of digging (9)
 j - a wand of flame (31)
 p - a wand of polymorph (5)
Scrolls
 h - 3 scrolls of fear
 r - a scroll of identify {@r1}
Potions
 c - a potion of resistance
 k - 2 potions of curing
 s - 2 potions of flight


   Skills:
 - Level 2.6 Fighting
 - Level 4.4 Bows
 + Level 4.3 Dodging
 - Level 1.7 Stealth
 + Level 4.4 Spellcasting
 - Level 11.4 Conjurations
 - Level 10.5 Fire Magic


You had 8 spell levels left.
You knew the following spells:

 Your Spells              Type           Power      Damage    Failure   Level
a - Foxfire               Conj/Fire      100%       2x1d9     1%          1
b - Scorch                Fire           100%       2d10      1%          2
c - Conjure Flame         Conj/Fire      57%        6-21      1%          3
d - Flame Wave            Conj/Fire      57%        2d11      1%          4

Your spell library contained the following spells:

 Spells                   Type           Power      Damage    Failure   Level
 Inner Flame              Hex/Fire       31%        N/A       3%          3


Dungeon Overview and Level Annotations

Branches:
Dungeon (9/15)             Temple (0/1) D:7            Lair (2/6) D:9
  Sewer (visited)
  Swamp: Lair:2-4    Shoals: Lair:2-4     Snake: Lair:2-4    Spider: Lair:2-4
    Orc: D:9-12

Altars:
Dithmenos
Fedhas
Gozag
Okawaru
Jiyva

Shops:
D:6 *   D:9 ([?


Innate Abilities, Weirdness & Mutations

You are partially covered in slimy green scales. (AC +2)
Your touch may irresistibly damage your foes and sap their willpower.
You have sharp toenails.
Your mind is very acute. (Int +4)
You are covered in fur. (AC +1)
Your gelatinous body deflects attacks. (AC +3, EV +3)
Armour fits poorly on your massive pseudopods.


Message History

Found a stone staircase leading up.
You hear a distant slurping noise.
You hear a distant slurping noise.
You hear a squelching noise.
You hear a distant slurping noise.
You hear a squelching noise.
You hear a distant slurping noise.
You hear a distant slurping noise.
Found a stone staircase leading down.
You hear a distant slurping noise.
Okay, then.
A cane toad comes into view.
Casting: Scorch (safe; 1% risk of failure)
Confirm with . or Enter, or press ? or * to list all spells.
Flames lash the cane toad.
The cane toad gives a loud, deep croak!
The cane toad is lightly wounded.
The cane toad's fire resistance burns away.
You hear a distant slurping noise.
The cane toad stings you!
You are poisoned.
The cane toad poisons you!
Casting: Scorch (safe; 1% risk of failure)
Confirm with . or Enter, or press ? or * to list all spells.
Flames lash the cane toad.
The cane toad is burned terribly!
The cane toad is heavily wounded.
You feel very sick. The cane toad stings you!!
You shudder from the blow and a jelly pops out!
You are more poisoned.
The cane toad poisons you! The cane toad stings you!
* * * LOW HITPOINT WARNING * * *
You are more poisoned.
The cane toad poisons you!
* * * LOW HITPOINT WARNING * * *
You feel extremely sick.
The cane toad stings you but does no damage.
Casting: Scorch (safe; 1% risk of failure)
Confirm with . or Enter, or press ? or * to list all spells.
Flames lash the cane toad.
The cane toad is burned terribly!
The cane toad is severely wounded.
You die...

#.............#
#..#...P#[...#
###.##...###P..##
##.#.......#P....#
##.....#...####..## ####
#..........#P.#..# ##.⌠.
##...............# ......
#..J............##
+..>.⌠##.@...P#........P#
#......#.F.......#....###
#...........###..##
#.#..P........#...#
#.##..#.........#.##
#......#.≈≈≈≈≈≈....##
........P.≈♣♣♣♣≈.....##
...........≈♣ ♣≈....#.##
....
.......≈♣♣♣♣≈..#...P#


You could see a cane toad (combustible, ally target) and a friendly azure jelly
(summoned).

Vanquished Creatures
  A two-headed ogre (D:9)
  A rime drake (Lair:1)
  Grinder (D:3)
  A hornet (D:9)
  2 blink frogs (Lair:2)
  A shadow (D:9)
  5 yaks
  A wraith (D:6)
  A basilisk (Lair:1)
  A steam dragon (D:8)
  Menkaure (D:7)
  8 water moccasins
  An ice beast (D:7)
  An orc warrior (D:8)
  A necrophage (D:6)
  3 black bears
  An ogre (D:7)
  A sky beast (D:6)
  2 centaurs
  A phantom (D:4)
  A kobold brigand (D:6)
  10 bullfrogs
  6 scorpions
  4 killer bees
  9 wights
  3 howler monkeys
  A crimson imp (D:8)
  A bullfrog zombie (D:6)
  4 orc priests
  A bullfrog skeleton (D:5)
  A hound (D:6)
  A centaur skeleton (D:7)
  An iguana (D:4)
  3 orc wizards
  A gnoll (D:3)
  6 adders
  A shadow imp (D:6)
  3 white imps
  2 ufetubi (D:5)
  2 worms
  2 dart slugs
  13 orcs
  10 ball pythons
  6 bats
  An endoplasm (D:1)
  9 giant cockroaches
  8 hobgoblins
  5 jackals
  A kobold (D:3)
  9 quokkas
  8 frilled lizards
  6 goblins
  3 rats
177 creatures vanquished.

Vanquished Creatures (collateral kills)
  A death knight (D:7)
  2 two-headed ogres
  2 skeletal warriors (D:7)
  A komodo dragon (Lair:1)
  A freezing wraith (D:7)
  An orc warrior (D:9)
  An ice beast (D:6)
  3 ogres
  A wight (D:6)
  2 orc priests (D:9)
  An orc wizard (D:9)
  3 orcs (D:9)
19 creatures vanquished.

Vanquished Creatures (others)
  A slime creature (D:9)
  An unseen horror (D:8)
  3 yaks (D:9)
  A wyvern (D:6)
  A sky beast (D:8)
  2 black bears
  An ogre (D:5)
  A kobold brigand (D:8)
  4 bullfrogs
  6 howler monkeys
  3 centaur zombies (D:9)
  An orc priest (D:8)
  54 jellies
  Jessica (D:3)
  3 iguanas
  3 orc wizards
  2 gnolls (D:3)
  2 adders
  2 ufetubi
  A dart slug (D:2)
  10 orcs
  3 ball pythons
  9 endoplasms
  3 giant cockroaches (Sewer)
  4 goblins
  2 hobgoblins (D:2)
  2 jackals (D:5)
  2 kobolds (D:8)
  2 quokkas (Sewer)
  A bat (D:3)
  2 frilled lizards
  A rat (D:3)
  225 foxfires
  61 fungi
  65 plants
485 creatures vanquished.

Grand Total: 681 creatures vanquished

Notes
Turn   | Place    | Note
-------+----------+-------------------------------------------
     0 | D:1      | dolemite99 the Demonspawn Fire Elementalist began the quest
                  | for the Orb.
     0 | D:1      | Reached XP level 1. HP: 13/13 MP: 3/3
   211 | D:1      | Reached skill level 2 in Conjurations
   211 | D:1      | Gained mutation: Your touch may inflict minor irresistible
                  | damage on your foes. [demonic ancestry]
   211 | D:1      | Reached XP level 2. HP: 15/19 MP: 1/5
  1002 | D:1      | Found a faded altar of an unknown god.
  1012 | D:1      | Prayed at the altar of an unknown god.
  1012 | D:1      | Became a worshipper of Jiyva Jyclyef the Shapeless
  1012 | D:1      | Reached * piety under Jiyva
  1347 | D:2      | Reached skill level 3 in Conjurations
  1366 | D:2      | Reached XP level 3. HP: 23/24 MP: 4/6
  1511 | D:2      | Learned a level 2 spell: Scorch
  1677 | D:2      | Reached ** piety under Jiyva
  2016 | D:2      | Gained mutation: Your touch may inflict irresistible damage
                  | on your foes. [demonic ancestry]
  2016 | D:2      | Reached XP level 4. HP: 30/30 MP: 4/7
  2514 | D:3      | Killed Jessica
  2918 | D:3      | Noticed Grinder
  2932 | D:3      | Paralysed by Grinder for 5 turns
  2938 | D:3      | Paralysed by Grinder for 7 turns
  2940 | D:3      | HP: 1/30 [Grinder/nerve-wracking pain (7)]
  2959 | D:3      | Killed Grinder
  2960 | D:3      | Reached skill level 4 in Conjurations
  2960 | D:3      | Reached XP level 5. HP: 25/35 MP: 4/8
  2960 | D:3      | Gained mutation: Your touch may irresistibly damage your
                  | foes and sap their willpower. [demonic ancestry]
  2960 | D:3      | Reached XP level 6. HP: 29/41 MP: 4/9
  2990 | D:3      | Reached *** piety under Jiyva
  3353 | D:4      | Reached skill level 5 in Conjurations
  3413 | D:4      | Found a blossoming altar of Fedhas.
  3425 | D:4      | Gained mutation: You have a small jelly attached to you
                  | that may absorb projectiles. [Jiyva's grace]
  3425 | D:4      | Gained mutation: You have sharp toenails. [Jiyva's grace]
  3425 | D:4      | Gained mutation: You have razor-sharp toenails. [Jiyva's
                  | grace]
  3425 | D:4      | Gained mutation: You have claws for feet. [Jiyva's grace]
  3504 | D:4      | Reached skill level 5 in Fire Magic
  3740 | D:4      | Found a shadowy altar of Dithmenos.
  3861 | D:4      | Reached **** piety under Jiyva
  4481 | D:5      | Entered Level 5 of the Dungeon
  4508 | D:5      | Reached XP level 7. HP: 42/46 MP: 8/10
  4534 | D:5      | Reached skill level 6 in Conjurations
  4656 | D:5      | Found a glowing drain.
  4671 | Sewer    | Entered a sewer
  4863 | Sewer    | Reached ***** piety under Jiyva
  4918 | Sewer    | Lost mutation: You have claws for feet. [Jiyva's grace]
  4918 | Sewer    | Gained mutation: Your rubbery body absorbs attacks. (AC +1,
                  | EV +1) [Jiyva's grace]
  4918 | Sewer    | Gained mutation: Your pliable body absorbs attacks. (AC +2,
                  | EV +2) [Jiyva's grace]
  4918 | Sewer    | Gained mutation: Your gelatinous body deflects attacks. (AC
                  | +3, EV +3) [Jiyva's grace]
  4918 | Sewer    | Gained mutation: You have a pair of small antennae on your
                  | head. [Jiyva's grace]
  5601 | D:6      | Reached XP level 8. HP: 52/52 MP: 8/11
  5648 | D:6      | Reached skill level 7 in Conjurations
  6439 | D:6      | Reached skill level 8 in Conjurations
  6588 | D:6      | Learned a level 3 spell: Conjure Flame
  6593 | D:6      | Learned a level 4 spell: Flame Wave
  7092 | D:6      | Found Rithry's Wicked Wares.
  7420 | D:7      | Gained mutation: You are partially covered in slimy green
                  | scales. (AC +2) [demonic ancestry]
  7420 | D:7      | Reached XP level 9. HP: 57/57 MP: 8/12
  7696 | D:6      | Reached skill level 9 in Conjurations
  8437 | D:7      | Lost mutation: Your gelatinous body deflects attacks. (AC
                  | +3, EV +3) [Jiyva's grace]
  8437 | D:7      | Lost mutation: You have a small jelly attached to you that
                  | may absorb projectiles. [Jiyva's grace]
  8437 | D:7      | Gained mutation: Your mind is acute. (Int +2) [Jiyva's
                  | grace]
  8437 | D:7      | Gained mutation: Your mind is very acute. (Int +4) [Jiyva's
                  | grace]
  8437 | D:7      | Gained mutation: You are covered in fur. (AC +1) [Jiyva's
                  | grace]
  8437 | D:7      | Gained mutation: You are covered in thick fur. (AC +2)
                  | [Jiyva's grace]
  8446 | D:7      | Noticed Menkaure
  8449 | D:7      | Killed Menkaure
  8478 | D:7      | Found an opulent altar of Gozag.
  8479 | D:7      | Noticed a two-headed ogre
  8488 | D:7      | Killed a two-headed ogre
  8489 | D:7      | Reached skill level 10 in Conjurations
  8550 | D:7      | Noticed a skeletal warrior
  8568 | D:7      | Killed a skeletal warrior
  8569 | D:7      | Reached XP level 10. HP: 8/63 MP: 13/13
  8655 | D:7      | Reached ****** piety under Jiyva
  8724 | D:7      | Noticed a death knight
  8733 | D:7      | Noticed a skeletal warrior
  8737 | D:7      | Killed a death knight
  8738 | D:7      | Reached skill level 10 in Fire Magic
  8740 | D:7      | Killed a skeletal warrior
  8741 | D:7      | Reached skill level 11 in Conjurations
  8771 | D:7      | Found a staircase to the Ecumenical Temple.
  9127 | D:8      | HP: 3/63 [orc warrior (13)]
  9493 | D:8      | Noticed a two-headed ogre
  9515 | D:8      | Killed a two-headed ogre
 10004 | D:9      | Noticed a two-headed ogre
 10273 | D:9      | Reached skill level 1 in Fighting
 10433 | D:9      | Found Billiresk's Armour Shop.
 10488 | D:9      | Found Yruzxiwk's Weapon Shop.
 10539 | D:9      | Bought 26 arrows for 57 gold pieces
 10760 | D:9      | Found a staircase to the Lair.
 10815 | D:9      | Found an iron altar of Okawaru.
 11018 | D:9      | Reached XP level 11. HP: 70/74 MP: 10/14
 11313 | D:9      | Found Pozach's Magic Scroll Shop.
 11316 | D:9      | Bought a scroll of fear for 56 gold pieces
 11316 | D:9      | Bought a scroll of identify for 32 gold pieces
 11317 | D:9      | Bought a scroll of identify for 32 gold pieces
 11318 | D:9      | Bought a scroll of fear for 56 gold pieces
 11369 | D:9      | Killed a two-headed ogre
 11594 | Lair:1   | Entered Level 1 of the Lair of Beasts
 11639 | Lair:1   | Lost mutation: You have a pair of small antennae on your
                  | head. [Jiyva's grace]
 11639 | Lair:1   | Lost mutation: You have razor-sharp toenails. [Jiyva's
                  | grace]
 11639 | Lair:1   | Lost mutation: You are covered in thick fur. (AC +2)
                  | [Jiyva's grace]
 11639 | Lair:1   | Gained mutation: Armour fits poorly on your pseudopods.
                  | [Jiyva's grace]
 11639 | Lair:1   | Gained mutation: Armour fits poorly on your large
                  | pseudopods. [Jiyva's grace]
 11639 | Lair:1   | Gained mutation: Armour fits poorly on your massive
                  | pseudopods. [Jiyva's grace]
 11639 | Lair:1   | Gained mutation: Your gelatinous body deflects attacks. (AC
                  | +3, EV +3) [Jiyva's grace]
 12728 | Lair:2   | Succumbed to a cane toad's poison

Illustrated notes

Levels and vault maps discovered:
D:1:      grunt_arrival_crossed_arrows, layout_loops_cross,
          hellmonk_ecumenical_altar_run_dry, chequers_hall_statues_y
D:2:      layout_rooms, minivault_23, minivault_5
D:3:      layout_loops_ring, minivault_4, amcnicky_mini_pool_small,
          kennysheep_big_empty_room, uniq_grinder, uniq_jessica
D:4:      layout_gridville, fedhas_ov_isle_minmay,
          nicolae_dithmenos_through_a_glass_darkly, serial_co_window_serial,
          co_window_paths_b, co_window_corner_a, co_window_corner_a,
          co_window_corner_a, co_window_paths_a, co_window_2corner,
          co_window_corner_cb, co_window_cross_4, glass_columns_b,
          patterned_corridor
D:5:      layout_basic, cheibrodos_sewer_entry_bend, serial_glass,
          glass_columns_a, glass_columns_b, corner_web_ring
D:6:      minmay_razor_zed, layout_basic, minmay_misc_feat_square,
          nicolae_evil_shop
D:7:      layout_loops_ring, mainiacjoe_overflow_paths,
          minmay_temple_entry_gardened_gates, uniq_menkaure
D:8:      layout_basic, minmay_fire_ice_demons
D:9:      layout_roguey, okawaru_ov_weapons_minmay, due_lair_maze_entry_diamond,
          serial_shops, nicolae_shop_behind_doors,
          nicolae_shop_bloodbath_and_beyond, kennysheep_mini,
          kennysheep_cross_room, minmay_misc_feat_columns, nrook_uturn,
          grunt_ministairs_15, st_stairs_1
Lair:1:   layout_hall_layers, grunt_megastairs_2
Lair:2:   layout_gridlike, grunt_megastairs_1

Skill      XL: |  1  2  3  4  5  6  7  8  9 10 11 |
---------------+----------------------------------+-----
Conjurations   | 2 3 4 5 6 8 10 11 | 11.4
Fire Magic     | 3 4 5 6 7 9 10 | 10.5
Bows           | 4 |  4.4
Fighting       | 2 |  2.6
Dodging        | 2 4 |  4.3
Spellcasting   | 4 |  4.4
Stealth        | |  1.7

Action                   |  1- 3 |  4- 6 |  7- 9 | 10-12 || total
-------------------------+-------+-------+-------+-------++-------
Melee: Mace              |     6 |       |       |       ||     6
       Touch             |     1 |     1 |       |     2 ||     4
       Punch             |     1 |       |       |       ||     1
       Dagger            |       |     8 |       |       ||     8
       Hand axe          |       |       |       |    11 ||    11
       Kick              |       |       |       |     3 ||     3
 Fire: Shortbow          |       |       |    62 |   140 ||   202
 Cast: Foxfire           |    42 |    21 |    48 |    17 ||   128
       Scorch            |     4 |    31 |    99 |    88 ||   222
       Conjure Flame     |       |       |     3 |       ||     3
       Flame Wave        |       |       |       |     1 ||     1
Invok: Oozemancy         |       |       |       |     4 ||     4
       Slimify           |       |       |       |     1 ||     1
  Use: Potion            |       |     2 |       |     3 ||     5
       Scroll            |       |       |       |     3 ||     3
 Stab: Sleeping          |       |     1 |       |       ||     1
Armor: Robe              |     6 |    10 |    60 |    62 ||   138
Dodge: Dodged            |    33 |    42 |   148 |   167 ||   390
